 Dungeon Crawl Stone Soup version 0.30-a0-782-ge64f9170bb (webtiles) character file.

Game seed: 6315765283983173195

41 theswoord the Grave Robber (level 3, 0/19 HPs)
             Began as a Deep Elf Necromancer on Mar 14, 2023.
             Slain by a worm (4 damage)
             ... on level 2 of the Dungeon.
             The game lasted 00:01:47 (1273 turns).

theswoord the Grave Robber (Deep Elf Necromancer)   Turns: 1273, Time: 00:01:47

Health: 0/19       AC:  3    Str:  7    XL:     3   Next: 32%
Magic:  1/10       EV: 12    Int: 19    God:
Gold:   55         SH:  0    Dex: 15    Spells: 6/10 levels left

rFire   . . .      SeeInvis .    h - +0 war axe (freeze)
rCold   . . .      Faith    .    (no shield)
rNeg    . . .      Spirit   .    a - +1 robe
rPois   .          Reflect  .    (no helmet)
rElec   .          Harm     .    (no cloak)
rCorr   .          Rampage  .    (no gloves)
Will    .....                    (no boots)
Stlth   ++                       (no amulet)
HPRegen 0.23/turn                (no ring)
MPRegen 0.12/turn                (no ring)

@: no status effects
A: no striking features
a: no special abilities


You were on level 2 of the Dungeon.
You visited 1 branch of the dungeon, and saw 2 of its levels.

You collected 55 gold pieces.

Inventory:

Hand Weapons
 h - a +0 war axe of freezing (weapon)
Armour
 a - a +1 robe (worn)
Scrolls
 d - a scroll of teleportation {unknown}
Potions
 b - a potion of magic
 c - a potion of berserk rage {unknown}
 e - a potion of haste {unknown}
 f - a potion of curing {unknown}


   Skills:
 - Level 2.4 Dodging
 - Level 2.4 Stealth
 + Level 4.2 Spellcasting
 + Level 5.6 Necromancy


You had 6 spell levels left.
You knew the following spells:

 Your Spells              Type           Power      Damage    Failure   Level
a - Necrotise             Necr           100%       1d9       1%          1
b - Vampiric Draining     Necr           25%        2d7       4%          3

Your spell library contained the following spells:

 Spells                   Type           Power      Damage    Failure   Level
 Animate Dead             Necr           25%        N/A       13%         4
 Magic Dart               Conj           16%        1d3       14%         1
 Call Imp                 Summ           4%         N/A       21%         2
 Agony                    Necr           25%        N/A       36%         5
 Mephitic Cloud           Conj/Pois/Air  4%         N/A       38%         3


Dungeon Overview and Level Annotations

Branches:
Dungeon (2/15)

Altars:


Message History

An endoplasm and a worm come into view.
Aim: an endoplasm (asleep, chance to affect: 93%)
The endoplasm quivers.
The endoplasm writhes in agony.
Aim: an endoplasm (heavily wounded, chance to affect: 93%)
The endoplasm writhes in agony.
You barely miss the endoplasm. The endoplasm misses you.
The endoplasm hits you but does no damage.
You hit the endoplasm but do no damage. The endoplasm freezes you.
You are frozen.
Aim: an endoplasm (severely wounded, chance to affect: 93%)
The endoplasm barely resists.
The endoplasm hits you.
Aim: an endoplasm (severely wounded, chance to affect: 93%)
The endoplasm writhes in agony.
You kill the endoplasm!
Aim: a giant cockroach (asleep, ally target, chance to affect: 93%)
The giant cockroach writhes in agony.
Found an escape hatch in the floor.
Your frilled lizard skeleton crumbles into dust!
You barely miss the giant cockroach. The giant cockroach closely misses you.
The giant cockroach bites you.
You hit the giant cockroach but do no damage.
The giant cockroach bites you. The giant cockroach misses you.
Aim: a giant cockroach (severely wounded, chance to affect: 93%)
The giant cockroach writhes in agony.
The giant cockroach bites you but does no damage.
Aim: a giant cockroach (severely wounded, chance to affect: 93%)
The giant cockroach writhes in agony.
You kill the giant cockroach!
Aim: a worm (chance to affect: 88%)
The worm writhes in agony!
The worm bites you.
Aim: a worm (heavily wounded, chance to affect: 88%)
The worm barely resists.
Aim: a worm (heavily wounded, chance to affect: 88%)
The worm writhes in agony.
The worm bites you!
* * * LOW HITPOINT WARNING * * *
Aim: a worm (heavily wounded, chance to affect: 88%)
The worm writhes in agony!
The worm bites you.
You die...

..##
........#...#
..# ## #....#
..# ##.#.##
..# ###....#
# #...#.##
###. #.###.#
..... #!# #.#
......##.#
#.#
>.....w@.# .#
.......### .#
......# .#
...... .....
..... ....
.###


You could see a worm.

Vanquished Creatures
  3 dart slugs
  3 bats
  3 endoplasms
  3 giant cockroaches
  4 hobgoblins
  2 kobolds (D:1)
  2 quokkas (D:1)
  3 ball pythons
  5 frilled lizards
  2 goblins (D:1)
  3 rats (D:1)
33 creatures vanquished.

Notes
Turn   | Place    | Note
-------+----------+-------------------------------------------
     0 | D:1      | theswoord the Deep Elf Necromancer began the quest for the
                  | Orb.
     0 | D:1      | Reached XP level 1. HP: 10/10 MP: 6/6
   150 | D:1      | Reached skill level 5 in Necromancy
   241 | D:1      | Reached XP level 2. HP: 15/15 MP: 2/8
   957 | D:1      | Reached XP level 3. HP: 19/19 MP: 6/10
   961 | D:1      | Learned a level 3 spell: Vampiric Draining
  1273 | D:2      | Slain by a worm

Skill      XL: |  1  2 |
---------------+-------+-----
Necromancy     | 5 |  5.6
Spellcasting   | 4 |  4.2
Dodging        | |  2.4
Stealth        | |  2.4

Action                     || total
---------------------------++-------
  Melee: Unarmed           ||     7
         War axe           ||     8
   Cast: Necrotise         ||    56
         Vampiric Draining ||     1
    Use: Scroll            ||     2
 Armour: Robe              ||    11
  Dodge: Dodged            ||    18

Levels and vault maps discovered:
D:1:      minmay_arrival_widening_spiral_wide, layout_loops_ring
D:2:      layout_rooms
